| TOP OF THE 1ST |
|
Delmarva Shorebirds batting - Pitching for Bowling Green Hot Rods : LHP Eduardo Lopez
|
|
Pitching: LHP Eduardo Lopez
|
|
|
Batting: LHB Vinny Rivera
|
0-0: Ball 1-0: Called Strike 1-1: SINGLE (Flyball, 3D, EV 100.0 MPH)
|
|
Batting: RHB Ethan Finke
|
0-0: Ball 1-0: Ball 2-0: Swinging Strike 2-1: Foul Ball, location: 2F 2-2: Ball 3-2: Foul Ball, location: 2F 3-2: Base on Balls Vinny Rivera to second
|
|
Batting: RHB Maup Gommers
|
0-0: SINGLE (Line Drive, 9LM, EV 105.0 MPH) Vinny Rivera to third Ethan Finke to second
|
|
Batting: RHB Ken Manser
|
0-0: SINGLE (Line Drive, 9LS, EV 86.2 MPH) Vinny Rivera scores Ethan Finke to third Maup Gommers to second
|
|
Batting: LHB Sam Williams
|
0-0: Ball 1-0: Ball 2-0: Ball 3-0: Foul Ball, location: 2F 3-1: Foul Ball, location: 2F 3-2: Foul Ball, location: 2F 3-2: Base on Balls Ethan Finke scores Maup Gommers to third Ken Manser to second
|
|
Batting: LHB Pat Fontana
|
0-0: Swinging Strike Balk! Maup Gommers scores Ken Manser to third Sam Williams to second 0-1: Swinging Strike 0-2: Ball 1-2: Foul Ball, location: 2F 1-2: Ball 2-2: Ground out 4-3 (Groundball, 4, EV 82.5 MPH) Ken Manser scores Sam Williams to third
|
|
Batting: RHB Mike Pitts
|
Balk! Sam Williams scores 0-0: Ball 1-0: Ball 2-0: Ball 3-0: Called Strike 3-1: Base on Balls
|
|
Batting: RHB Simon Van Steenwyk
|
0-0: Ball 1-0: Swinging Strike 1-1: Ball 2-1: Hit by Pitch Mike Pitts to second
|
|
Pitching: LHP Ryan Folks
|
|
|
Batting: RHB Ruben Domingues
|
0-0: Fly out, F9 (Flyball, 9LM, EV 76.9 MPH)
|
|
Batting: LHB Vinny Rivera
|
0-0: Ball 1-0: Foul Ball, location: 2F 1-1: Ball 2-1: Ball 3-1: Called Strike 3-2: Foul Ball, location: 2F 3-2: Ground out U3 (Groundball, 3, EV 81.2 MPH)
|
| Top of the 1st over - 5 runs, 3 hits, 0 errors, 2 left on base; Delmarva 5 - Bowling Green 0 |
| BOTTOM OF THE 1ST |
|
Bowling Green Hot Rods batting - Pitching for Delmarva Shorebirds : RHP Clifton Stannard
|
|
Pitching: RHP Clifton Stannard
|
|
|
Batting: LHB Sean Banks
|
0-0: Ball 1-0: Ball 2-0: Ground out 4-3 (Groundball, 4, EV 88.1 MPH)
|
|
Batting: RHB John Downing
|
0-0: SINGLE (Groundball, 34D, EV 103.1 MPH)
|
|
Batting: SHB Luis Verduzco
|
0-0: Fielders Choice at 2nd, 4-6 (Groundball, 4, EV 86.2 MPH)
|
|
Batting: RHB Tim Dower
|
0-0: Ball 1-0: Ball Luis Verduzco is caught stealing 2nd base 2-4
|
| Bottom of the 1st over - 0 runs, 1 hit, 0 errors, 0 left on base; Delmarva 5 - Bowling Green 0 |
| TOP OF THE 2ND |
|
Delmarva Shorebirds batting - Pitching for Bowling Green Hot Rods : LHP Ryan Folks
|
|
Batting: RHB Ethan Finke
|
0-0: Swinging Strike 0-1: Ball 1-1: Ball 2-1: Ball 3-1: SINGLE (Flyball, 34D, EV 90.6 MPH)
|
|
Batting: RHB Maup Gommers
|
0-0: Swinging Strike 0-1: Ball 1-1: Ball 2-1: Foul Ball, location: 2F 2-2: Strikes out swinging
|
|
Batting: RHB Ken Manser
|
0-0: Ball 1-0: Called Strike 1-1: Foul Ball, location: 2F 1-2: Ball 2-2: Grounds out, U3 (Groundball, 3L, EV 87.5 MPH)
|
|
Batting: LHB Sam Williams
|
0-0: Swinging Strike 0-1: Foul Ball, location: 2F 0-2: Ball 1-2: Ball 2-2: Strikes out swinging
|
| Top of the 2nd over - 0 runs, 1 hit, 0 errors, 1 left on base; Delmarva 5 - Bowling Green 0 |
| BOTTOM OF THE 2ND |
|
Bowling Green Hot Rods batting - Pitching for Delmarva Shorebirds : RHP Clifton Stannard
|
|
Batting: RHB Tim Dower
|
0-0: Called Strike 0-1: Swinging Strike 0-2: Strikes out looking
|
|
Batting: RHB Jim Erdody
|
0-0: Swinging Strike 0-1: Called Strike 0-2: Strikes out swinging
|
|
Batting: LHB Angel Ruvalcaba
|
0-0: Ball 1-0: Swinging Strike 1-1: Ball 2-1: SINGLE (Groundball, 5L, EV 103.1 MPH) (infield hit)
|
|
Batting: RHB Bazyli Andrysiak
|
0-0: Called Strike 0-1: Ball Angel Ruvalcaba steals 2nd, throwing error, E2 Angel Ruvalcaba to third 1-1: Foul Ball, location: 2F 1-2: Strikes out swinging
|
| Bottom of the 2nd over - 0 runs, 1 hit, 1 error, 1 left on base; Delmarva 5 - Bowling Green 0 |
| TOP OF THE 3RD |
|
Delmarva Shorebirds batting - Pitching for Bowling Green Hot Rods : LHP Ryan Folks
|
|
Batting: LHB Pat Fontana
|
0-0: Called Strike 0-1: Ball 1-1: Ball 2-1: Fly out, F7 (Flyball, 7S, EV 78.1 MPH)
|
|
Batting: RHB Mike Pitts
|
0-0: Ball 1-0: Ball 2-0: Ground out 4-3 (Groundball, 4, EV 80.6 MPH)
|
|
Batting: RHB Simon Van Steenwyk
|
0-0: Ball 1-0: Ball 2-0: Fly out, F4 (Popup, 34, EV 58.1 MPH)
|
| Top of the 3rd over - 0 runs, 0 hits, 0 errors, 0 left on base; Delmarva 5 - Bowling Green 0 |
| BOTTOM OF THE 3RD |
|
Bowling Green Hot Rods batting - Pitching for Delmarva Shorebirds : RHP Clifton Stannard
|
|
Batting: RHB Dave Valdez
|
0-0: Ball 1-0: Foul Ball, location: 2F 1-1: Ground out U3 (Groundball, 3S, EV 85.6 MPH)
|
|
Batting: LHB Eduardo Lopez
|
0-0: Ball 1-0: Called Strike 1-1: Foul Ball, location: 2F 1-2: Strikes out swinging
|
|
Batting: LHB Sean Banks
|
0-0: Ball 1-0: Swinging Strike 1-1: Foul Ball, location: 2F 1-2: Foul Ball, location: 2F 1-2: Strikes out swinging
|
| Bottom of the 3rd over - 0 runs, 0 hits, 0 errors, 0 left on base; Delmarva 5 - Bowling Green 0 |
| TOP OF THE 4TH |
|
Delmarva Shorebirds batting - Pitching for Bowling Green Hot Rods : LHP Ryan Folks
|
|
Batting: RHB Ruben Domingues
|
0-0: Ball 1-0: Ball 2-0: Swinging Strike 2-1: SINGLE (Groundball, 6D, EV 96.2 MPH)
|
|
Pitching: RHP Andres Morales
|
|
|
Batting: LHB Vinny Rivera
|
0-0: Hit by Pitch Ruben Domingues to second
|
|
Batting: RHB Ethan Finke
|
0-0: Ball 1-0: Swinging Strike 1-1: Fly out, F8 (Line Drive, 78M, EV 105.6 MPH)
|
|
Batting: RHB Maup Gommers
|
0-0: Called Strike 0-1: Ball 1-1: Ball 2-1: Fielders Choice at 2nd, 2-4 (Groundball, 15S, EV 71.9 MPH) Ruben Domingues to third
|
|
Batting: RHB Ken Manser
|
0-0: Swinging Strike 0-1: Called Strike 0-2: Ball 1-2: Ball 2-2: Ball 3-2: Foul Ball, location: 2F 3-2: Strikes out looking
|
| Top of the 4th over - 0 runs, 1 hit, 0 errors, 2 left on base; Delmarva 5 - Bowling Green 0 |
| BOTTOM OF THE 4TH |
|
Bowling Green Hot Rods batting - Pitching for Delmarva Shorebirds : RHP Clifton Stannard
|
|
Batting: RHB John Downing
|
0-0: Foul Ball, location: 2F 0-1: Fly out, F8 (Flyball, 8LS, EV 84.4 MPH)
|
|
Batting: SHB Luis Verduzco
|
0-0: Ball 1-0: Ball 2-0: Swinging Strike 2-1: Swinging Strike 2-2: Ball 3-2: Foul Ball, location: 2F 3-2: Strikes out swinging
|
|
Batting: RHB Tim Dower
|
0-0: Ball 1-0: Ground out 5-3 (Groundball, 56D, EV 86.2 MPH)
|
| Bottom of the 4th over - 0 runs, 0 hits, 0 errors, 0 left on base; Delmarva 5 - Bowling Green 0 |
| TOP OF THE 5TH |
|
Delmarva Shorebirds batting - Pitching for Bowling Green Hot Rods : RHP Andres Morales
|
|
Batting: LHB Sam Williams
|
0-0: Swinging Strike 0-1: Called Strike 0-2: Foul Ball, location: 2F 0-2: Foul Ball, location: 2F 0-2: Strikes out swinging
|
|
Batting: LHB Pat Fontana
|
0-0: Called Strike 0-1: Ball 1-1: Foul Ball, location: 2F 1-2: Ball 2-2: Foul Ball, location: 2F 2-2: Ball 3-2: Base on Balls
|
|
Batting: RHB Mike Pitts
|
0-0: Called Strike Pat Fontana is caught stealing 2nd base 2-4 0-1: Ball 1-1: Swinging Strike 1-2: Strikes out looking
|
| Top of the 5th over - 0 runs, 0 hits, 0 errors, 0 left on base; Delmarva 5 - Bowling Green 0 |
| BOTTOM OF THE 5TH |
|
Bowling Green Hot Rods batting - Pitching for Delmarva Shorebirds : RHP Clifton Stannard
|
|
Batting: RHB Jim Erdody
|
0-0: Ground out 6-3 (Groundball, 6, EV 103.8 MPH)
|
|
Batting: LHB Angel Ruvalcaba
|
0-0: Called Strike 0-1: Ground out 6-3 (Groundball, 6, EV 106.9 MPH)
|
|
Batting: RHB Bazyli Andrysiak
|
0-0: Swinging Strike 0-1: Swinging Strike 0-2: Ball 1-2: Ball 2-2: Strikes out swinging
|
| Bottom of the 5th over - 0 runs, 0 hits, 0 errors, 0 left on base; Delmarva 5 - Bowling Green 0 |
| TOP OF THE 6TH |
|
Delmarva Shorebirds batting - Pitching for Bowling Green Hot Rods : RHP Andres Morales
|
|
Batting: RHB Simon Van Steenwyk
|
0-0: Ball 1-0: Ball 2-0: Called Strike 2-1: Foul Ball, location: 2F 2-2: Strikes out looking
|
|
Pitching: RHP Chris Harman
|
|
|
Batting: RHB Ruben Domingues
|
0-0: Ball 1-0: Swinging Strike 1-1: Called Strike 1-2: Ball 2-2: Foul Ball, location: 2F 2-2: Foul Ball, location: 2F 2-2: Strikes out swinging
|
|
Batting: LHB Vinny Rivera
|
0-0: Foul Ball, location: 2F 0-1: Ball 1-1: Ball 2-1: Ball 3-1: Swinging Strike 3-2: Ground out 5-3 (Groundball, 56, EV 78.1 MPH)
|
| Top of the 6th over - 0 runs, 0 hits, 0 errors, 0 left on base; Delmarva 5 - Bowling Green 0 |
| BOTTOM OF THE 6TH |
|
Bowling Green Hot Rods batting - Pitching for Delmarva Shorebirds : RHP Clifton Stannard
|
|
Batting: RHB Dave Valdez
|
0-0: Ball 1-0: DOUBLE (Line Drive, 9LM, EV 98.1 MPH)
|
|
Batting: LHB Eduardo Lopez
|
0-0: Called Strike 0-1: Called Strike 0-2: Ball 1-2: Strikes out swinging
|
|
Batting: LHB Sean Banks
|
0-0: Swinging Strike 0-1: Ball 1-1: Ball 2-1: Swinging Strike 2-2: Ball 3-2: Strikes out looking
|
|
Batting: RHB John Downing
|
0-0: Ball 1-0: Called Strike 1-1: SINGLE (Line Drive, 89S, EV 91.2 MPH) Dave Valdez to third Runner from 3rd tries for Home, throw by RF and OUT! 9-2
|
| Bottom of the 6th over - 0 runs, 2 hits, 0 errors, 1 left on base; Delmarva 5 - Bowling Green 0 |
| TOP OF THE 7TH |
|
Delmarva Shorebirds batting - Pitching for Bowling Green Hot Rods : RHP Chris Harman
|
|
Batting: RHB Ethan Finke
|
0-0: Ball 1-0: Ground out 5-3 (Groundball, 56S, EV 65.0 MPH)
|
|
Batting: RHB Maup Gommers
|
0-0: Ball 1-0: Ball 2-0: Foul Ball, location: 2F 2-1: Ground out 1-3 (Groundball, 34S, EV 71.2 MPH)
|
|
Batting: RHB Ken Manser
|
0-0: Ball 1-0: Ball 2-0: Swinging Strike 2-1: Foul Ball, location: 2F 2-2: Ground out 6-3 (Groundball, 6MS, EV 86.9 MPH)
|
| Top of the 7th over - 0 runs, 0 hits, 0 errors, 0 left on base; Delmarva 5 - Bowling Green 0 |
| BOTTOM OF THE 7TH |
|
Bowling Green Hot Rods batting - Pitching for Delmarva Shorebirds : RHP Clifton Stannard
|
|
Batting: SHB Luis Verduzco
|
0-0: Foul Ball, location: 2F 0-1: Ground out 5-3 (Groundball, 25, EV 85.6 MPH)
|
|
Batting: RHB Tim Dower
|
0-0: Ball 1-0: Swinging Strike 1-1: Called Strike 1-2: Ball 2-2: Foul Ball, location: 2F 2-2: Strikes out looking
|
|
Batting: RHB Jim Erdody
|
0-0: Foul Ball, location: 2F 0-1: Ball 1-1: Ball 2-1: Ball 3-1: Base on Balls
|
|
Batting: LHB Angel Ruvalcaba
|
0-0: Ball 1-0: Called Strike 1-1: SINGLE (Groundball, 34D, EV 95.6 MPH) Jim Erdody to second Runner from 2nd tries for 3rd, SAFE, throw by RF made to third
|
|
Batting: RHB Bazyli Andrysiak
|
0-0: Called Strike 0-1: Fielders Choice at 2nd, 6-4 (Groundball, 56, EV 84.4 MPH)
|
| Bottom of the 7th over - 0 runs, 1 hit, 0 errors, 2 left on base; Delmarva 5 - Bowling Green 0 |
| TOP OF THE 8TH |
|
Delmarva Shorebirds batting - Pitching for Bowling Green Hot Rods : RHP Chris Harman
|
|
Batting: LHB Sam Williams
|
0-0: Swinging Strike 0-1: Swinging Strike 0-2: Strikes out looking
|
|
Batting: LHB Pat Fontana
|
0-0: Foul Ball, location: 2F 0-1: Called Strike 0-2: Ball 1-2: Foul Ball, location: 2F 1-2: Strikes out swinging
|
|
Batting: RHB Mike Pitts
|
0-0: SINGLE (Groundball, 6MD, EV 110.6 MPH)
|
|
Pitching: LHP Jamie Houtman
|
|
|
Batting: RHB Simon Van Steenwyk
|
0-0: Foul Ball, location: 2F 0-1: Ball 1-1: Foul Ball, location: 2F 1-2: Ball 2-2: Ground out 5-3 (Groundball, 25, EV 85.0 MPH)
|
| Top of the 8th over - 0 runs, 1 hit, 0 errors, 1 left on base; Delmarva 5 - Bowling Green 0 |
| BOTTOM OF THE 8TH |
|
Bowling Green Hot Rods batting - Pitching for Delmarva Shorebirds : RHP Clifton Stannard
|
|
Batting: RHB Dave Valdez
|
0-0: Ball 1-0: Ball 2-0: Called Strike 2-1: Ball 3-1: Base on Balls
|
|
Batting: LHB Eduardo Lopez
|
0-0: Swinging Strike 0-1: Foul Ball, location: 2F 0-2: Ball 1-2: Strikes out looking
|
|
Batting: LHB Sean Banks
|
0-0: Called Strike 0-1: Foul Ball, location: 2F 0-2: Ball 1-2: Ball 2-2: Foul Ball, location: 2F 2-2: Ball 3-2: Foul Ball, location: 2F 3-2: Base on Balls Dave Valdez to second
|
|
Pitching: RHP Manny Saldana
|
|
|
Batting: RHB John Downing
|
0-0: Swinging Strike 0-1: Ball 1-1: Called Strike 1-2: Strikes out swinging
|
|
Batting: SHB Luis Verduzco
|
0-0: Ball 1-0: Ball 2-0: Ground out U3 (Groundball, 3, EV 89.4 MPH)
|
| Bottom of the 8th over - 0 runs, 0 hits, 0 errors, 2 left on base; Delmarva 5 - Bowling Green 0 |
| TOP OF THE 9TH |
|
Delmarva Shorebirds batting - Pitching for Bowling Green Hot Rods : LHP Jamie Houtman
|
|
Batting: RHB Ruben Domingues
|
0-0: Foul Ball, location: 2F 0-1: Ground out 5-3 (Groundball, 56, EV 91.2 MPH)
|
|
Batting: LHB Vinny Rivera
|
0-0: Called Strike 0-1: Ball 1-1: Swinging Strike 1-2: Foul Ball, location: 2F 1-2: Ball 2-2: Ball 3-2: Ground out 4-3 (Groundball, 4MD, EV 102.5 MPH)
|
|
Batting: RHB Ethan Finke
|
0-0: Ball 1-0: Foul Ball, location: 2F 1-1: Ball 2-1: Ball 3-1: Ground out 5-3 (Groundball, 56, EV 91.9 MPH)
|
| Top of the 9th over - 0 runs, 0 hits, 0 errors, 0 left on base; Delmarva 5 - Bowling Green 0 |
| BOTTOM OF THE 9TH |
|
Bowling Green Hot Rods batting - Pitching for Delmarva Shorebirds : RHP Manny Saldana
|
|
Batting: RHB Tim Dower
|
0-0: Ball 1-0: Called Strike 1-1: Swinging Strike 1-2: Ball 2-2: Foul Ball, location: 2F 2-2: Foul Ball, location: 2F 2-2: Strikes out swinging
|
|
Batting: RHB Jim Erdody
|
0-0: SINGLE (Line Drive, 3L, EV 97.5 MPH)
|
|
Batting: LHB Angel Ruvalcaba
|
0-0: Called Strike 0-1: Hit by Pitch Jim Erdody to second
|
|
Pinch Hitting: LHB Rocky Crowley
|
0-0: Foul Ball, location: 2F 0-1: Ball 1-1: Ball 2-1: Grounds into double play, 4-6-3 (Groundball, 4, EV 76.9 MPH)
|
| Bottom of the 9th over - 0 runs, 1 hit, 0 errors, 1 left on base; Delmarva 5 - Bowling Green 0 |
|